 Dungeon Crawl Stone Soup version 0.31-a0-1-g4198be8af4 (webtiles) character file.

Game seed: 7590988026654392789

30032 bmack86 the Severer (level 13, -9/116 HPs)
             Began as a Minotaur Fighter on May 1, 2023.
             Was a High Priest of Okawaru.
             Shot with an arrow by Nessos (16 damage)
             ... on level 3 of the Lair of Beasts.
             The game lasted 00:39:32 (13676 turns).

bmack86 the Severer (Minotaur Fighter)             Turns: 13676, Time: 00:39:33

Health: -9/116     AC: 22    Str: 33    XL:     13   Next: 18%
Magic:  17/17      EV: 11    Int:  5    God:    Okawaru [*****.]
Gold:   934        SH: 15    Dex:  9    Spells: 12/12 levels left

rFire   x . .        s - +8 broad axe (flame)
rCold   + . .        u - +0 tower shield
rNeg    + . .        k - +1 plate armour
rPois   +            G - +2 hat
rElec   .            (no cloak)
rCorr   .            n - +1 pair of gloves "Vofromp" {Rampage rPois Will- Str+4}
SInv    .            N - +2 pair of slick slippers {slick, slippery, EV+4}
Will    .....        (no amulet) Stlth
                     J - ring of ice
HPRegen 0.39/turn    I - ring "Tuelenwi" {Fly rPois rN+ Will+ Str+2}
MPRegen 0.15/turn

%: rampage
@: flying
A: horns 2, retaliatory headbutt
a: Renounce Religion, Heroism, Finesse, Duel


You were on level 3 of the Lair of Beasts.
You worshipped Okawaru.
Okawaru was extremely pleased with you.
You visited 3 branches of the dungeon, and saw 15 of its levels.
You also visited: Sewer, Bailey, Gauntlet and Ice Cave.

You collected 2469 gold pieces.
You spent 1535 gold pieces at shops.

Inventory:

Hand Weapons
 a - a +0 heavy broad axe
 s - a +8 broad axe of flaming (weapon)
Missiles
 c - 2 curare-tipped darts
 h - 22 boomerangs (quivered)
 v - 37 poisoned darts
 D - 11 silver javelins
 F - 8 javelins
 O - a throwing net
Armour
 i - the +2 pair of boots "Weiwon" {*Corrode rElec Str+2}
   (Okawaru gifted it to you on level 1 of the Lair of Beasts)

   Str:       It affects your strength (+2).
   rElec:     It insulates you from electricity.
   *Corrode:  It may corrode you when you take damage.
 k - a +1 plate armour (worn)
 n - the +1 pair of gloves "Vofromp" (worn) {Rampage rPois Will- Str+4}
   (You found it on level 2 of the Dungeon)

   Str:       It affects your strength (+4).
   rPois:     It protects you from poison.
   Rampage:   It bestows one free step when moving towards enemies.
   Will:      It decreases your willpower.
 u - a +0 tower shield (worn)
 G - a +2 hat (worn)
 N - the +2 pair of slick slippers (worn) {slick, slippery, EV+4}
   (You bought it in a shop on level 6 of the Dungeon)

   Slick:     Its wearer cannot be constricted, engulfed, netted or webbed.
   Slippery:  Its wearer slips away from damaging melee attacks, pulling the
   attacker onward.
   EV:        It affects your evasion (+4).
Jewellery
 e - the ring "Faoqiad" {rPois Int+4 Dex+6}
   (You acquired it on level 3 of the Dungeon)

   [ring of dexterity]

   Int:       It affects your intelligence (+4).
   Dex:       It affects your dexterity (+6).
   rPois:     It protects you from poison.
 l - a +6 ring of strength
 q - a +6 ring of intelligence
 t - a +4 ring of protection
 y - a +6 ring of strength
 E - a ring of willpower
 I - the ring "Tuelenwi" (right hand) {Fly rPois rN+ Will+ Str+2}
   (You acquired it on level 8 of the Dungeon)

   [ring of poison resistance]

   Str:       It affects your strength (+2).
   rPois:     It protects you from poison.
   rN:        It protects you from negative energy.
   Fly:       It grants you flight.
   Will:      It increases your willpower.
 J - a ring of ice (left hand)
 L - a ring of wizardry
 R - a ring of poison resistance
Wands
 b - a wand of paralysis (14)
 r - a wand of iceblast (20)
 B - a wand of flame (52)
 C - a wand of mindburst (19)
 H - a wand of digging (1)
 K - a wand of polymorph (4)
Scrolls
 j - 5 scrolls of fog
 x - 4 scrolls of teleportation
Potions
 d - a potion of might
 f - 8 potions of curing
 g - 5 potions of haste
 m - 2 potions of invisibility
 o - 2 potions of flight
 p - 5 potions of heal wounds
 w - a potion of berserk rage {unknown}
 z - 3 potions of cancellation
 A - 2 potions of brilliance
 M - a potion of experience {unknown}
 P - 2 potions of magic
 Q - 2 potions of ambrosia {unknown}


   Skills:
 + Level 11.2 Fighting
 * Level 17.7 Axes
 + Level 8.8 Throwing
 + Level 11.2 Armour
 + Level 11.2 Shields
 + Level 7.2 Invocations


You had 12 spell levels left.
You didn't know any spells.
Your spell library contained the following spells:

 Spells                   Type           Power      Damage    Failure   Level
 Apportation              Tloc           0%         N/A       100%        1
 Kiss of Death            Conj/Necr      0%         2d5       100%        1
 Necrotise                Necr           0%         1d4       100%        1
 Sandblast                Erth           0%         2d4       100%        1
 Cigotuvi's Dreadful Rot  Necr/Pois/Air  0%         N/A       100%        2
 Passwall                 Tmut/Erth      0%         N/A       100%        2
 Static Discharge         Conj/Air       0%         2-2/arc   100%        2
 Confusing Touch          Hex            0%         N/A       100%        3
 Hailstorm                Conj/Ice       0%         3d3       100%        3
 Ignite Poison            Fire/Tmut/Pois 0%         N/A       100%        3
 Ozocubu's Armour         Ice            0%         N/A       100%        3
 Stone Arrow              Conj/Erth      0%         3d7       100%        3
 Vhi's Electric Charge    Tloc/Air       0%         N/A       100%        3
 Airstrike                Air            0%         2d(0-16)  100%        4
 Dispel Undead            Necr           0%         3d6       100%        4
 Ice Form                 Ice/Tmut       0%         N/A       100%        4
 Alistair's Intoxication  Tmut/Pois      0%         N/A       100%        5
 Arcjolt                  Conj/Air       0%         1d10      100%        5
 Freezing Cloud           Conj/Ice/Air   0%         6-21      100%        5
 Metabolic Englaciation   Hex/Ice        0%         N/A       100%        5
 Eringya's Noxious Bog    Tmut/Pois      0%         N/A       100%        6
 Plasma Beam              Fire/Air       0%         2x1d11    100%        6
 Orb of Destruction       Conj           0%         9d5       100%        7
 Summon Small Mammal      Summ           Unusable   N/A       N/A         1
 Summon Guardian Golem    Hex/Summ       Unusable   N/A       N/A         3
 Summon Lightning Spire   Summ/Air       Unusable   N/A       N/A         4
 Summon Forest            Summ/Tloc      Unusable   N/A       N/A         5
 Simulacrum               Ice/Necr       Unusable   N/A       N/A         6
 Spellforged Servitor     Conj/Summ      Unusable   N/A       N/A         7
 Summon Hydra             Summ           Unusable   N/A       N/A         7

Dungeon Overview and Level Annotations

Branches:
Dungeon (11/15)            Temple (1/1) D:7            Lair (3/5) D:10
    Orc (0/2) D:10          Sewer (visited)          Bailey (visited)
  IceCv (visited)         Gauntlet (visited)
  Swamp: Lair:2-3    Shoals: Lair:2-3     Snake: Lair:2-3    Spider: Lair:2-3

Altars:
Ashenzari
Cheibriados
Dithmenos
Elyvilon
Fedhas
Gozag
Hepliaklqana
Kikubaaqudgha
Makhleb
Nemelex Xobeh
Okawaru
Qazlal
Ru
Sif Muna
Trog
Uskayaw
Vehumet
Wu Jian
Xom
Yredelemnul
Zin
The Shining One

Shops:
D:2 ?   D:6 [   D:8 (::   D:10 *   D:11 *

Annotations:
D:9 exclusion: ice statue
D:10 2 transporters, LobsterGuardian's ghost, journeyman BaBe
Lair:3 Nessos


Innate Abilities, Weirdness & Mutations

You have a pair of horns on your head.
You reflexively headbutt those who attack you in melee.


Message History

You kill the yak!
Okawaru accepts your kill.
You slash the yak! You burn the yak.
You feel sick.
Nessos intently looks at you, slowly moving their tail.
The yak gores you but does no damage.
Unknown command.
You slice the yak like a ripe choko!!! You burn the yak!
You kill the yak!
Okawaru accepts your kill.
You hit the yak. You burn the yak.
You feel sick. The yak gores you.
* * * LOW HITPOINT WARNING * * *
You feel sick. You block the yak's attack.
Nessos casts a spell.
Nessos blinks!
Things that are here:
the +1 robe "Eraulo" {rF+}; a yak corpse Unknown command.
You feel sick.
Nessos shoots an arrow.
You block the arrow. You block the yak's attack.
Nessos shoots an arrow.
The arrow hits you!
* * * LOW HITPOINT WARNING * * *
The arrow burns you.
* * * LOW HITPOINT WARNING * * *
Things that are here:
a yak corpse; a cane toad corpse You feel sick.
You block the yak's attack.
Things that are here:
the +1 robe "Eraulo" {rF+}; a yak corpse You slice the yak!!
You burn the yak.
You kill the yak!
Okawaru accepts your kill.
You feel sick.
Nessos shoots an arrow.
The arrow barely misses you.
You rampage towards Nessos!
You feel sick.
You are no longer poisoned.
Nessos unwields a +3 longbow of flaming.
It stops flaming.
You block Nessos's attack. x2
Nessos gestures wildly while chanting.
Nessos blinks!
Nessos wields a +3 longbow of flaming.
It bursts into flame!
Nessos shoots an arrow.
The arrow hits you!
You die...

#...(.........##.## #...#...
#.....#..#.............##...
#......# #..............#...
#....####....#P#P......#...
##......#.....####..........
#.............## #.#.......≈
###...####.....# #### ...♣§
##...#.##...## #....c[†.@..#
##...#†#....# #...#.......P#
.....##.......#
................#
#..............P.#
................P..
#.................. .......


You could see Nessos (fast).

Vanquished Creatures
  Rupert (Lair:3)
  A minotaur (Gauntlet)
  Fannar (Lair:1)
  2 vault guards (Bailey)
  Harold (Lair:1)
  A two-headed ogre (D:10)
  A death scarab (Gauntlet)
  2 skysharks (Lair:3)
  An ugly thing (IceCv)
  2 ice statues (IceCv)
  3 elephants (Lair:2)
  A torpor snail (Lair:1)
  A black mamba (Lair:1)
  8 cane toads
  Maggie (Lair:2)
  A rime drake (Lair:2)
  2 komodo dragons
  A freezing wraith (IceCv)
  2 queen bees (Gauntlet)
  A troll (D:10)
  15 blink frogs
  Prince Ribbit (D:5)
  A spectral black mamba (Gauntlet)
  A shadow (D:10)
  3 wyverns
  8 humans (Bailey)
  21 yaks
  A basilisk (Lair:2)
  Grum (D:10)
  A steam dragon (D:7)
  A death yak simulacrum (IceCv)
  Menkaure (D:4)
  A harpy simulacrum (IceCv)
  An acid dragon (D:10)
  9 water moccasins
  Duvessa (D:4)
  3 orc warriors
  A sky beast (D:7)
  12 ice beasts (D:9)
  4 wolves (D:10)
  An ogre (D:5)
  3 phantoms
  2 centaurs
  3 kobold brigands
  Blork the orc (D:4)
  19 bullfrogs
  A gnoll sergeant (D:9)
  2 scorpions
  A wight (D:7)
  Dowan (D:4)
  2 elephant simulacra (IceCv)
  14 killer bees
  6 electric eels (D:9)
  10 howler monkeys
  4 hounds
  5 jellies
  Crazy Yiuf (D:4)
  2 orc priests
  2 sleepcaps
  Jessica (D:2)
  2 iguanas
  Ijyb (D:3)
  Terence (D:2)
  2 gnoll boudas
  12 orc wizards
  6 ogre zombies (D:10)
  17 gnolls
  A river rat (Sewer)
  10 adders
  13 white imps
  An ufetubus (D:5)
  2 worms
  5 dart slugs
  39 orcs
  2 bats
  15 endoplasms
  5 giant cockroaches
  7 goblins
  4 hobgoblins
  6 jackals (D:3)
  5 quokkas
  6 ball pythons
  11 frilled lizards
  3 goblin skeletons (D:10)
  A goblin zombie (D:10)
  A hobgoblin zombie (D:10)
  27 kobolds
  3 orc skeletons (D:10)
  11 orc zombies (D:10)
  8 rats
  A spectral orc (D:4)
430 creatures vanquished.

Vanquished Creatures (others)
  A kobold (D:9)
  14 fungi
  20 plants
35 creatures vanquished.

Grand Total: 465 creatures vanquished

Notes
Turn   | Place    | Note
-------+----------+-------------------------------------------
     0 | D:1      | bmack86 the Minotaur Fighter began the quest for the Orb.
     0 | D:1      | Reached XP level 1. HP: 19/19 MP: 0/0
   183 | D:1      | Reached XP level 2. HP: 27/27 MP: 1/1
   278 | D:1      | Reached skill level 3 in Axes
   491 | D:1      | Found a faded altar of an unknown god.
   591 | D:2      | Found Otor's Magic Scroll Shoppe.
   592 | D:2      | Noticed Terence
   603 | D:2      | Killed Terence
   604 | D:2      | Reached XP level 3. HP: 17/33 MP: 2/2
   612 | D:2      | Bought a scroll of identify for 24 gold pieces
   852 | D:2      | Noticed Jessica
   857 | D:2      | Killed Jessica
   858 | D:2      | Reached skill level 1 in Throwing
   858 | D:2      | Reached XP level 4. HP: 40/40 MP: 3/3
   869 | D:2      | Identified the +1 pair of gloves "Vofromp" {Rampage rPois
                  | Will- Str+4}
  1090 | D:2      | Reached skill level 4 in Axes
  1677 | D:3      | Found an opulent altar of Gozag.
  1679 | D:3      | Found a bloodstained altar of Trog.
  1886 | D:3      | Reached XP level 5. HP: 42/46 MP: 4/4
  1895 | D:3      | Identified a scroll of acquirement
  1895 | D:3      | Acquired the ring "Faoqiad" {rPois Int+4 Dex+6}
  1948 | D:3      | Noticed Ijyb
  1962 | D:3      | Killed Ijyb
  2808 | D:4      | Reached XP level 6. HP: 53/53 MP: 5/5
  2990 | D:4      | Noticed Menkaure
  2994 | D:4      | Killed Menkaure
  2995 | D:4      | Reached skill level 5 in Axes
  2996 | D:4      | Reached skill level 5 in Shields
  3122 | D:4      | Found a glowing drain.
  3132 | Sewer    | Entered a sewer
  3153 | Sewer    | Reached skill level 5 in Armour
  3238 | Sewer    | Found a viscous altar of Jiyva.
  3240 | Sewer    | Reached skill level 5 in Fighting
  3250 | Sewer    | Reached XP level 7. HP: 61/61 MP: 6/6
  3334 | Sewer    | Reached skill level 6 in Axes
  3409 | D:4      | Noticed Blork the orc
  3416 | D:4      | Killed Blork the orc
  3526 | D:4      | Noticed Dowan
  3528 | D:4      | Noticed Duvessa
  3532 | D:4      | Killed Dowan
  3535 | D:4      | Killed Duvessa
  3600 | D:4      | Found a hazy altar of Hepliaklqana.
  3661 | D:4      | Found a runed translucent door.
  3662 | D:4      | Noticed Crazy Yiuf
  3669 | D:4      | Killed Crazy Yiuf
  4057 | D:5      | Entered Level 5 of the Dungeon
  4099 | D:5      | Reached skill level 7 in Axes
  4099 | D:5      | Reached XP level 8. HP: 63/70 MP: 7/7
  4826 | D:5      | Noticed Prince Ribbit
  4829 | D:5      | Killed Prince Ribbit
  5155 | D:6      | Reached skill level 8 in Axes
  5230 | D:6      | Found a sacrificial altar of Ru.
  5484 | D:6      | Found Zeaq's Antique Armour Shop.
  5796 | D:7      | Reached XP level 9. HP: 78/78 MP: 8/8
  5846 | D:7      | Identified the +1 ring mail of Masochism {Will+ Int+3}
  5847 | D:7      | Found a shadowy altar of Dithmenos.
  5871 | D:7      | Reached skill level 9 in Axes
  5984 | D:7      | Found a staircase to the Ecumenical Temple.
  5998 | Temple   | Entered the Ecumenical Temple
  6024 | Temple   | Became a worshipper of Warmaster Okawaru
  6326 | D:7      | Reached skill level 5 in Throwing
  6326 | D:7      | Reached skill level 1 in Invocations
  6407 | D:7      | Found a blossoming altar of Fedhas.
  6563 | D:8      | Found Ycut's Book Boutique.
  6658 | D:8      | Found an ancient bone altar of Kikubaaqudgha.
  6812 | D:8      | Found a flagged portal.
  6857 | D:8      | Reached * piety under Okawaru
  6869 | D:8      | Acquired the ring "Tuelenwi" {Fly rPois rN+ Will+ Str+2}
  6872 | D:8      | Acquired a manual of Axes
  6892 | Bailey   | Entered a bailey
  6898 | Bailey   | Reached skill level 10 in Axes
  6924 | Bailey   | Reached XP level 10. HP: 88/88 MP: 10/10
  6929 | Bailey   | Reached ** piety under Okawaru
  6955 | Bailey   | Reached skill level 11 in Axes
  7019 | Bailey   | Noticed a vault guard
  7025 | Bailey   | Noticed a vault guard
  7029 | Bailey   | Killed a vault guard
  7029 | Bailey   | Reached *** piety under Okawaru
  7030 | Bailey   | Reached skill level 12 in Axes
  7040 | Bailey   | Killed a vault guard
  7262 | D:8      | Found Sabomu's Book Emporium.
  7418 | D:8      | Found Cemyckuy's Antique Weapon Shoppe.
  7441 | D:8      | Reached **** piety under Okawaru
  7591 | D:8      | Reached skill level 13 in Axes
  7619 | D:8      | Found a snail-covered altar of Cheibriados.
  7727 | D:6      | Bought a pair of shimmering boots for 237 gold pieces
  7727 | D:6      | Identified the +0 pair of boots of Buid Viq {-Cast rPois
                  | rN++} (You bought it in a shop on level 6 of the Dungeon)
  7850 | D:9      | Reached XP level 11. HP: 73/95 MP: 13/13
  9140 | D:10     | Entered Level 10 of the Dungeon
  9151 | D:10     | Found a transporter.
  9157 | D:10     | Noticed a two-headed ogre
  9158 | D:10     | Found a bloodstained altar of Trog.
  9158 | D:10     | Noticed LobsterGuardian's ghost (journeyman BaBe)
  9160 | D:10     | Noticed a tengu warrior
  9164 | D:10     | Found Obatus's Assorted Antiques.
  9171 | D:10     | Noticed a two-headed ogre
  9173 | D:10     | Bought a twisted bronze amulet for 130 gold pieces
  9194 | D:10     | Found a transporter.
  9219 | D:10     | Found a staircase to the Lair.
  9230 | D:10     | Noticed Grum
  9243 | D:10     | Reached ***** piety under Okawaru
  9244 | D:10     | Killed Grum
  9343 | D:10     | Received a gift from Okawaru
  9359 | D:10     | Found a staircase to the Orcish Mines.
  9363 | D:10     | Reached skill level 14 in Axes
  9736 | D:10     | Acquired 791 gold pieces
  9782 | D:10     | Noticed a two-headed ogre
  9787 | D:10     | Killed a two-headed ogre
  9787 | D:10     | Received a gift from Okawaru
  9788 | D:10     | Reached skill level 5 in Invocations
 10061 | D:10     | Identified the +1 robe of Piacsedo {Rampage rPois Dex+4}
 10190 | D:11     | Found Voeng's Changing Room.
 10246 | D:11     | Acquired 987 gold pieces
 10358 | D:6      | Bought the +2 pair of slick slippers {slick, slippery,
                  | EV+4} for 957 gold pieces
 10358 | D:6      | Found the +2 pair of slick slippers {slick, slippery, EV+4}
 10358 | D:6      | Bought a pair of glowing gloves for 187 gold pieces
 10454 | Lair:1   | Entered Level 1 of the Lair of Beasts
 10477 | Lair:1   | Reached skill level 15 in Axes
 10564 | Lair:1   | Found a gate leading to a gauntlet.
 10580 | Lair:1   | Received a gift from Okawaru
 10617 | Gauntlet | Entered a Gauntlet
 10617 | Gauntlet | Found a transporter.
 10627 | Gauntlet | Found a transporter.
 10630 | Gauntlet | Found a transporter.
 10631 | Gauntlet | Found a transporter.
 10638 | Gauntlet | Noticed a death scarab
 10642 | Gauntlet | Found a transporter.
 10642 | Gauntlet | Found a transporter.
 10643 | Gauntlet | Found a transporter.
 10654 | Gauntlet | Found a transporter.
 10655 | Gauntlet | Found a transporter.
 10656 | Gauntlet | Found a transporter.
 10663 | Gauntlet | Found a transporter.
 10666 | Gauntlet | Found a transporter.
 10667 | Gauntlet | Found a transporter.
 10675 | Gauntlet | Found a transporter.
 10675 | Gauntlet | Noticed a green death
 10703 | Gauntlet | Noticed an orange crystal statue
 10794 | Gauntlet | Killed a death scarab
 10795 | Gauntlet | Reached skill level 10 in Fighting
 10795 | Gauntlet | Reached skill level 10 in Shields
 10798 | Gauntlet | Reached XP level 12. HP: 87/106 MP: 10/15
 10873 | Gauntlet | Received a gift from Okawaru
 11087 | Gauntlet | Identified the staff of death "Ydghofeen" {rPois rN+ Dex+3}
 11087 | Gauntlet | Noticed a minotaur
 11101 | Gauntlet | Killed a minotaur
 11102 | Gauntlet | Reached skill level 16 in Axes
 11102 | Gauntlet | Reached skill level 10 in Armour
 11323 | Lair:1   | Identified the +2 pair of boots "Weiwon" {*Corrode rElec
                  | Str+2} (Okawaru gifted it to you on level 1 of the Lair of
                  | Beasts)
 11323 | Lair:1   | Received a gift from Okawaru
 11338 | Lair:1   | Noticed Harold
 11345 | Lair:1   | Noticed Fannar
 11357 | Lair:1   | Killed Harold
 11551 | Lair:1   | Killed Fannar
 12152 | Lair:2   | Found a frozen archway.
 12168 | Lair:2   | Reached skill level 17 in Axes
 12187 | IceCv    | Entered an ice cave
 12196 | IceCv    | Found a transporter.
 12210 | IceCv    | Found a transporter.
 12673 | Lair:2   | Noticed Maggie
 12686 | Lair:2   | Killed Maggie
 13329 | Lair:3   | Reached XP level 13. HP: 95/116 MP: 17/17
 13405 | Lair:3   | Noticed Rupert
 13427 | Lair:3   | Killed Rupert
 13650 | Lair:3   | Noticed Nessos
 13655 | Lair:3   | Identified the +1 robe "Eraulo" {rF+} (Okawaru gifted it to
                  | you on level 3 of the Lair of Beasts)
 13655 | Lair:3   | Received a gift from Okawaru
 13676 | Lair:3   | Shot with an arrow by Nessos

Illustrated notes

Levels and vault maps discovered:
D:1:      amcnicky_arrival_feature_with_door, layout_rooms,
          shapermc_ecumenical_altar_petra, nicolae_figureground_sparkle
D:2:      layout_loops_corners, serial_shops, shop, serial_bayou_lagoon_a,
          nicolae_kite_square_tiling_tiny, uniq_terence, uniq_jessica
D:3:      layout_loops_ring, lemuel_tele_altar, trog_antimagical,
          serial_co_window_serial, co_window_paths_a, co_window_paths_a,
          co_window_paths_b, co_window_corner_a, co_window_cross_1,
          co_window_2corner, co_window_broadway_a, co_window_broadway_b,
          glass_columns_a, glass_columns_b, glass_columns_c, hellmonk_no_cap,
          uniq_ijyb
D:4:      layout_loops_corners, nicolae_hepliaklqana_monster_ancestors,
          portal_sewer_entry_d, uniq_crazy_yiuf_cottage, uniq_blork_the_orc,
          uniq_duvessa, uniq_menkaure
D:5:      layout_loops_corners, uniq_prince_ribbit1
D:6:      layout_loops_cross, overflow_temple_1_default, serial_shops, shop,
          minmay_misc_feat_secret_circle
D:7:      layout_cave_pools, fedhas_altar_4, grunt_dithmenos_smoke_and_mirrors,
          temple_fountains, hangedman_minor_gate_pass
D:8:      layout_gridville, mainiacjoe_overflow_six_doors_small,
          pf_just_have_faith, lightli_bailey_entry_fortress, serial_shops, shop,
          nicolae_shop_tiny_glass, nicolae_lakefront_shop
D:9:      minmay_twisted_water, layout_basic
D:10:     layout_basic, dpeg_oklobed_lair, zombieorc1_lemuel, serial_shops,
          shop, gammafunk_ghost_wrathful_warriors, uniq_grum
D:11:     layout_loops_cross, nicolae_transmutations_shop,
          nicolae_elevator_lobby_asterisk
Temple:   nicolae_temple_two_arcs
Lair:1:   layout_small_grid, gauntlet_entry_generic, uniq_harold, uniq_fannar
Lair:2:   layout_misc_corridors, portal_ice_cave_entry_imps, uniq_maggie
Lair:3:   layout_gridlike, swamp_mist_pool, dummy_snake_entry, basic_altar,
          nicolae_lair_lindhole, lemuel_fruit_fields, grunt_megastairs_2,
          infiniplex_staircase_pool, uniq_nessos, uniq_rupert

Skill      XL: |  1  2  3  4  5  6  7  8  9 10 11 12 13 |
---------------+----------------------------------------+-----
Axes           | 3 4 5 7 8 10 13 15 17 | 17.7
Fighting       | 4 5 6 7 8 10 11 | 11.2
Armour         | 4 5 6 7 8 9 11 | 11.2
Shields        | 4 5 6 7 8 10 11 | 11.2
Throwing       | 1 2 3 4 5 6 7 8 |  8.8
Invocations    | 2 4 5 6 7 |  7.2

Action                     |  1- 3 |  4- 6 |  7- 9 | 10-12 | 13-15 || total
---------------------------+-------+-------+-------+-------+-------++-------
  Melee: War axe           |    64 |    45 |       |       |       ||   109
         Headbutt          |    13 |    26 |    31 |    68 |     6 ||   144
         Broad axe         |       |    82 |   212 |   435 |    41 ||   770
 Invoke: Heroism           |       |       |       |     6 |     2 ||     8
         Finesse           |       |       |       |     4 |       ||     4
    Use: Scroll            |     1 |    10 |     9 |    20 |       ||    40
         Potion            |       |       |       |     3 |       ||     3
 Armour: Scale mail        |    23 |       |       |       |       ||    23
         Plate armour      |    10 |    65 |   139 |   230 |    14 ||   458
  Dodge: Dodged            |    22 |    38 |    70 |   128 |    18 ||   276
  Block: Buckler           |     7 |    17 |       |       |       ||    24
         Kite shield       |       |    21 |   116 |   204 |       ||   341
         Tower shield      |       |       |       |       |    48 ||    48

Table legend: (Time is in decaauts)
 A = Elapsed time spent in this place.
 B = Non-inter-level travel time spent in this place.
 C = Inter-level travel time spent in this place.
 D = Time resting spent in this place.
 E = Time spent auto-exploring this place.
 F = Levels seen in this place.
 G = Mean time per level.
                   A        B        C        D        E       F      G
               +--------+--------+--------+--------+--------+-----+--------+
         Total |  13791 |  13234 |    557 |    666 |   8424 |  19 |  725.8 |
       Dungeon |   9991 |   9461 |    530 |    214 |   6485 |  11 |  908.3 |
        Temple |    138 |    138 |      0 |      0 |     48 |   1 |  138.0 |
          Lair |   2546 |   2519 |     27 |    353 |   1636 |   3 |  848.7 |
         Sewer |    284 |    284 |      0 |      0 |     49 |   1 |  284.0 |
        Bailey |    243 |    243 |      0 |      0 |     66 |   1 |  243.0 |
      Ice Cave |    128 |    128 |      0 |      0 |     66 |   1 |  128.0 |
      Gauntlet |    458 |    458 |      0 |     99 |     73 |   1 |  458.0 |
               +--------+--------+--------+--------+--------+-----+--------+

Top non-repeatable levels by time:
     D:9: 1404 daAuts
     D:4: 1283 daAuts
  Lair:1: 1095 daAuts
    D:10: 1093 daAuts
     D:3: 1048 daAuts
     D:8: 1028 daAuts
     D:2: 1028 daAuts
     D:5: 1026 daAuts
  Lair:2: 894 daAuts
     D:7: 729 daAuts
     D:6: 722 daAuts
  Lair:3: 557 daAuts
     D:1: 545 daAuts
Gauntlet: 458 daAuts
   Sewer: 284 daAuts
